 Dungeon Crawl Stone Soup version 0.23.0 (webtiles) character file.

Game seed: 5726292935039995278

62420 BarneyGumball the Severer (level 14, -5/106 HPs)
             Began as a Deep Dwarf Gladiator on Feb 22, 2019.
             Was the Champion of Makhleb.
             Slain by a two-headed ogre
             ... wielding a +0 dire flail
              (16 damage)
             ... on level 2 of the Orcish Mines.
             The game lasted 00:45:08 (18989 turns).

BarneyGumball the Severer (Deep Dwarf Gladiator)   Turns: 18989, Time: 00:45:09

Health: -5/106     AC: 19    Str: 21    XL:     14   Next: 64%
Magic:  12/13      EV:  8    Int:  9    God:    Makhleb [******]
Gold:   980        SH: 13    Dex: 16    Spells: 13/13 levels left

rFire    + + .     SeeInvis .   q - +1 war axe (venom)
rCold    . . .     Gourm    .   r - +1 shield
rNeg     + . .     Faith    .   n - +0 plate armour
rPois    .         Spirit   .   c - +0 helmet
rElec    +         Reflect  .   S - +0 cloak
rCorr    +         Harm     .   w - +0 pair of gloves
MR       ++...                  (no boots)
Stlth    ..........             g - amulet of rage
HPRegen  0.00/turn              s - ring of Pivioq {rCorr +Blink Dex+2}
MPRegen  0.13/turn              X - ring "Gecu" {Wiz +Inv rElec rF++ Str-2}

@: non-regenerating
A: damage resistance, heal wounds, negative energy resistance 1, sense
surroundings 2, no regeneration
a: Heal Wounds, Minor Destruction, Lesser Servant of Makhleb, Major Destruction,
Greater Servant of Makhleb, Renounce Religion, Evoke Blink, Evoke Berserk Rage,
Evoke Invisibility


You were on level 2 of the Orcish Mines.
You worshipped Makhleb.
Makhleb was exalted by your worship.
You were not hungry.

You visited 4 branches of the dungeon, and saw 23 of its levels.
You visited 1 bazaar.

You collected 1924 gold pieces.
You spent 944 gold pieces at shops.

Inventory:

Hand Weapons
 q - a +1 war axe of venom (weapon)
Armour
 b - a +0 chain mail
 c - a +0 helmet (worn)
 n - a +0 plate armour (worn)
 r - a +1 shield (worn)
 w - a +0 pair of gloves (worn)
 S - a +0 cloak (worn)
Jewellery
 g - an amulet of rage (around neck)
 s - the ring of Pivioq (left hand) {rCorr +Blink Dex+2}
   (You found it on level 5 of the Dungeon)

   [ring of resist corrosion]

   It affects your dexterity (+2).
   It lets you blink.
 x - an uncursed ring of positive energy
 J - an uncursed ring of poison resistance
 R - an uncursed ring of protection from cold
 X - the ring "Gecu" (right hand) {Wiz +Inv rElec rF++ Str-2}
   (You bought it in a shop in a bazaar)

   [ring of wizardry]

   It improves your spell success rate.
   It affects your strength (-2).
   It greatly protects you from fire.
   It insulates you from electricity.
   It lets you turn invisible.
Wands
 a - a wand of flame (56)
 m - a wand of digging (5)
 p - a wand of polymorph (11)
 t - a wand of paralysis (6)
 B - a wand of disintegration (11)
 K - a wand of iceblast (18)
 L - a wand of clouds (3)
 U - a wand of enslavement (6)
Scrolls
 d - a scroll of fog
 e - a scroll of magic mapping
 h - 7 scrolls of teleportation
 j - 5 scrolls of enchant weapon
 u - 4 scrolls of enchant armour
 y - 14 scrolls of remove curse
 A - a scroll of fear
 D - a scroll of brand weapon
 H - a scroll of silence
 Y - 2 scrolls of blinking
Potions
 i - a potion of mutation
 k - 2 potions of heal wounds
 l - 5 potions of curing
 v - 4 potions of agility
 z - 4 potions of ambrosia
 F - a potion of flight
 I - 2 potions of might
 M - 2 potions of invisibility
 O - 5 potions of cancellation
 P - 2 potions of brilliance
 Q - a potion of resistance
Comestibles
 f - 15 rations


   Skills:
 - Level 1.7 Fighting
 * Level 16.0 Axes
 - Level 8.6 Throwing
 + Level 11.5 Armour
 - Level 3.2 Dodging
 + Level 10.8 Shields
 + Level 12.4 Invocations
 + Level 11.5 Evocations


You had 13 spell levels left.
You didn't know any spells.
Your spell library contained the following spells:

 Spells                   Type           Power        Failure   Level  Hunger
 Confusing Touch          Hex            #.....       97%         1    ##.....
 Corona                   Hex            #......      97%         1    ##.....
 Shock                    Conj/Air       #...         97%         1    ##.....
 Ensorcelled Hibernation  Hex/Ice        #.....       99%         2    ###....
 Swiftness                Chrm/Air       #.......     99%         2    ###....
 Confuse                  Hex            #.......     100%        3    ####...
 Dazzling Spray           Conj/Hex       #.....       100%        3    ####...
 Gell's Gravitas          Tloc           #.........   100%        3    ####...
 Ignite Poison            Fire/Tmut/Pois #.......     100%        3    ####...
 Static Discharge         Conj/Air       #.......     100%        3    ####...
 Tukima's Dance           Hex            #.......     100%        3    ####...
 Airstrike                Air            #.........   100%        4    #####..
 Petrify                  Tmut/Erth      #.......     100%        4    #####..
 Fireball                 Conj/Fire      #.........   100%        5    ######.
 Lightning Bolt           Conj/Air       #.........   100%        5    ######.
 Metabolic Englaciation   Hex/Ice        #.........   100%        5    ######.
 Yara's Violent Unravell  Hex/Tmut       #.........   100%        5    ######.
 Bolt of Fire             Conj/Fire      #.........   100%        6    #######
 Ring of Flames           Chrm/Fire      #.........   100%        7    #######
 Ignition                 Fire           #.........   100%        8    #######


Dungeon Overview and Level Annotations

Branches:
Dungeon (14/15)            Temple (1/1) D:4            Lair (6/6) D:10
 Shoals (0/4) Lair:2        Snake (0/4) Lair:3        Slime (0/5) Lair:6
    Orc (2/2) D:12            Elf (0/3) Orc:2        Vaults (0/5) D:13

Altars:
Ashenzari
Cheibriados
Dithmenos
Elyvilon
Fedhas
Gozag
Hepliaklqana
Kikubaaqudgha
Makhleb
Nemelex Xobeh
Okawaru
Qazlal
Ru
Sif Muna
Trog
Uskayaw
Vehumet
Wu Jian
Xom
Yredelemnul
Zin
The Shining One
Beogh
Jiyva

Shops:
D:9 *

Annotations:
D:6 1 runed translucent door, Crazy Yiuf
D:13 1 runed translucent door, Ined's ghost, journeyman MiBe


Innate Abilities, Weirdness & Mutations

You are resistant to damage.
You can heal yourself by infusing magical energy.
You resist negative energy. (rN+)
You passively map the area around you.
You do not regenerate.


Message History

You slash the ogre mage!
You kill the ogre mage!
Makhleb accepts your kill.
You feel better.
Your Axes skill increases to level 16!
You hit the two-headed ogre.
The two-headed ogre looks as sick as possible!
You recover from your berserk rage.
The two-headed ogre hits you but does no damage.
The two-headed ogre hits you with a +0 giant spiked club!
* * * LOW HITPOINT WARNING * * *
You blink.
You feel slightly more hungry.
An ogre and a two-headed ogre come into view.
The ogre shouts!
The two-headed ogre shouts in stereo!
A two-headed ogre comes into view.
It is wielding a +0 giant club and a -2 giant spiked club.
An ogre comes into view. It is wielding a +0 giant club.
The two-headed ogre shouts in stereo!
The ogre shouts!
The two-headed ogre hits you with a +0 dire flail!!
You die...

.###..##.## ##.....##
.##.......# #...)...##
#.....##..###......#.##
......##...#..........#
#.....#...###.[......##
............)##.....##
.............)##...##
......#...>...O...##
.....#........OO@..##
............O.O.)...## #
.#.................#.##.##
...........#.............#
...........O.......#....##
.........................#
.........................#
.........................#
........................##


You could see 4 two-headed ogres and 2 ogres.

Vanquished Creatures
  Gastronok (D:11)
  An orc warlord (D:12)
  Snorg (D:12)
  A yaktaur captain (D:13)
  2 hydras
  2 centaur warriors (D:13)
  Harold (D:9)
  An ogre mage (Orc:2)
  A tengu warrior (D:14)
  6 two-headed ogres
  Urug (D:12)
  9 skeletal warriors
  3 unseen horrors
  A cyclops (D:11)
  An ugly thing (D:12)
  2 orc knights (D:12)
  An orc sorcerer (Orc:2)
  8 elephants
  4 black mambas
  4 merfolk sirens (Lair:2)
  Psyche (D:12)
  A centaur zombie (D:11)
  5 spiny frogs
  A torpor snail (Lair:5)
  A gargoyle (D:10)
  2 centaur skeletons
  4 rime drakes
  5 komodo dragons
  2 yaktaurs (D:13)
  A tengu conjurer (D:14)
  A queen bee (Lair:2)
  6 trolls
  A hornet (D:13)
  11 hippogriffs
  20 blink frogs
  A shadow (D:11)
  6 wyverns
  2 wraiths (D:13)
  21 yaks
  8 basilisks
  2 steam dragons
  A hungry ghost (D:13)
  2 wargs (D:12)
  An acid dragon (D:12)
  2 nagas (Lair:3)
  2 soldier ants (D:12)
  14 water moccasins
  24 orc warriors
  4 porcupines
  A sky beast (D:10)
  4 black bears
  2 ice beasts
  A phantom (D:6)
  10 ogres
  19 centaurs
  15 wolves
  20 crocodiles
  3 big kobolds
  11 bullfrogs
  A gnoll sergeant (D:10)
  4 scorpions
  A water moccasin skeleton (D:10)
  26 killer bees
  3 howler monkeys
  5 jellies
  2 bullfrog zombies
  9 crimson imps
  A quasit (D:11)
  6 hounds
  A gnoll shaman (D:4)
  20 orc priests
  22 orc wizards
  3 bullfrog skeletons
  Jessica (D:2)
  6 iguanas
  14 worker ants
  2 hound skeletons
  12 gnolls
  A river rat (Lair:2)
  15 adders
  2 shadow imps
  A white imp (D:10)
  An ooze (D:3)
  2 worms (D:5)
  2 dart slugs (D:1)
  8 leopard geckos
  76 orcs
  9 bats
  7 giant cockroaches
  7 goblins
  8 hobgoblins
  11 jackals
  10 quokkas
  4 frilled lizards
  A jackal zombie (D:5)
  20 kobolds
  A leopard gecko skeleton (D:6)
  A quokka zombie (D:7)
  11 rats
  2 fungi
628 creatures vanquished.

Vanquished Creatures (collateral kills)
  4 killer bees (Lair:2)
4 creatures vanquished.

Vanquished Creatures (others)
  An orc wizard (D:12)
  A worker ant (D:6)
  4 fungi
  10 plants (Lair:2)
16 creatures vanquished.

Grand Total: 648 creatures vanquished

Notes
Turn   | Place    | Note
-------+----------+-------------------------------------------
     0 | D:1      | BarneyGumball the Deep Dwarf Gladiator began the quest for
                  | the Orb.
     0 | D:1      | Reached XP level 1. HP: 19/19 MP: 1/1
    55 | D:1      | Reached XP level 2. HP: 21/26 MP: 2/2
   113 | D:1      | Reached skill level 1 in Armour
   167 | D:1      | Reached skill level 4 in Axes
   230 | D:1      | Reached XP level 3. HP: 19/32 MP: 3/3
   553 | D:2      | Found an ancient bone altar of Kikubaaqudgha.
   643 | D:2      | Reached XP level 4. HP: 18/39 MP: 4/4
   695 | D:2      | Noticed Jessica
   704 | D:2      | Killed Jessica
   704 | D:2      | Reached skill level 5 in Axes
   942 | D:3      | Reached XP level 5. HP: 27/45 MP: 5/5
  1372 | D:3      | Reached skill level 6 in Axes
  1787 | D:4      | Reached XP level 6. HP: 35/52 MP: 6/6
  2237 | D:4      | Found a staircase to the Ecumenical Temple.
  2249 | Temple   | Entered the Ecumenical Temple
  2345 | Temple   | Became a worshipper of Makhleb the Destroyer
  2466 | D:4      | Reached XP level 7. HP: 41/58 MP: 7/7
  2498 | D:4      | Reached skill level 7 in Axes
  2722 | D:5      | Entered Level 5 of the Dungeon
  2736 | D:5      | Got a clouded amber ring
  2961 | D:5      | Reached skill level 1 in Shields
  3599 | D:6      | Reached skill level 1 in Invocations
  3674 | D:6      | Reached XP level 8. HP: 31/66 MP: 5/7
  3687 | D:6      | Reached skill level 8 in Axes
  3715 | D:6      | Reached skill level 5 in Armour
  3760 | D:6      | Found a runed translucent door.
  3761 | D:6      | Noticed Crazy Yiuf
  3871 | D:6      | Found a shimmering altar of Xom.
  3883 | D:6      | Reached * piety under Makhleb
  4329 | D:7      | Identified the ring of Pivioq {rCorr +Blink Dex+2} (You
                  | found it on level 5 of the Dungeon)
  4580 | D:7      | Reached skill level 9 in Axes
  4580 | D:7      | Reached skill level 1 in Evocations
  4653 | D:7      | Gained mutation: You passively map the area around you.
                  | [Deep Dwarf growth]
  4653 | D:7      | Reached XP level 9. HP: 52/73 MP: 8/8
  5012 | D:7      | Reached ** piety under Makhleb
  5050 | D:7      | Reached skill level 5 in Throwing
  5083 | D:8      | Found a burning altar of Makhleb.
  5954 | D:9      | Found Maucef's General Store.
  5962 | D:9      | Bought a scroll of remove curse for 33 gold pieces
  6020 | D:9      | Noticed a troll
  6031 | D:9      | Killed a troll
  6031 | D:9      | Reached skill level 5 in Invocations
  6122 | D:9      | Noticed Harold
  6141 | D:9      | Killed Harold
  6141 | D:9      | Reached skill level 10 in Axes
  6141 | D:9      | Reached skill level 5 in Shields
  6321 | D:9      | Reached XP level 10. HP: 80/80 MP: 11/11
  6759 | D:10     | Entered Level 10 of the Dungeon
  6935 | D:10     | Reached *** piety under Makhleb
  6994 | D:10     | Found a staircase to the Lair.
  7108 | D:10     | Noticed a two-headed ogre
  7122 | D:10     | Killed a two-headed ogre
  7122 | D:10     | Reached skill level 5 in Evocations
  7147 | D:10     | Noticed a gargoyle
  7160 | D:10     | Killed a gargoyle
  7160 | D:10     | Reached skill level 11 in Axes
  7962 | D:11     | Killed an unseen horror
  7962 | D:11     | Reached XP level 11. HP: 30/86 MP: 11/11
  8128 | D:11     | Reached **** piety under Makhleb
  8254 | D:11     | Found a gate leading to a gauntlet.
  8303 | D:11     | Found an iron altar of Okawaru.
  8362 | D:11     | Noticed Gastronok
  8397 | D:11     | Killed Gastronok
  8397 | D:11     | Reached skill level 12 in Axes
  8579 | D:11     | Noticed a four-headed hydra
  8603 | D:11     | Killed a one-headed hydra
  8815 | Lair:1   | Entered Level 1 of the Lair of Beasts
  9013 | Lair:1   | Found the +6 lightning scales {run, rElec}
  9969 | Lair:2   | Reached XP level 12. HP: 56/93 MP: 13/13
 10358 | Lair:2   | Reached skill level 13 in Axes
 10361 | Lair:2   | Found a staircase to the Shoals.
 10659 | Lair:2   | Identified the cursed +1 great sword of Huholif {drain,
                  | Dex+2} (You found it on level 2 of the Lair of Beasts)
 10884 | Lair:3   | Found a staircase to the Snake Pit.
 10959 | Lair:3   | Reached ***** piety under Makhleb
 11855 | Lair:4   | Reached skill level 10 in Invocations
 12204 | Lair:4   | Noticed a six-headed hydra
 12277 | Lair:4   | Reached XP level 13. HP: 99/99 MP: 14/14
 12435 | Lair:4   | Reached skill level 14 in Axes
 12435 | Lair:4   | Reached skill level 10 in Armour
 12757 | Lair:5   | You fall through a shaft!
 12757 | Lair:6   | Entered Level 6 of the Lair of Beasts
 12907 | Lair:6   | Reached skill level 10 in Evocations
 13992 | Lair:6   | Found a staircase to the Slime Pits.
 13992 | Lair:6   | Found a viscous altar of Jiyva.
 14612 | D:12     | Noticed Psyche
 14817 | D:12     | Killed Psyche
 14829 | D:12     | Found a shattered altar of Ashenzari.
 14920 | D:12     | Found a flickering gateway to a bazaar.
 14936 | Bazaar   | Entered a bazaar
 14938 | Bazaar   | Found Naguungo's Armour Shoppe.
 14946 | Bazaar   | Found Tepteit's Jewellery Boutique.
 14987 | Bazaar   | Found Baihoass's Magic Scroll Emporium.
 14995 | Bazaar   | Found Poineidahe's Weapon Shop.
 15052 | Bazaar   | Bought the ring "Gecu" {Wiz +Inv rElec rF++ Str-2} for 707
                  | gold pieces
 15106 | Bazaar   | Bought a scroll of enchant armour for 60 gold pieces
 15106 | Bazaar   | Bought a scroll of blinking for 60 gold pieces
 15106 | Bazaar   | Bought a scroll of blinking for 60 gold pieces
 15106 | Bazaar   | Bought a scroll of teleportation for 24 gold pieces
 15184 | D:12     | Found a staircase to the Orcish Mines.
 15480 | Orc:1    | Entered Level 1 of the Orcish Mines
 15525 | Orc:1    | Noticed an orc warlord
 15662 | D:12     | Reached ****** piety under Makhleb
 16187 | D:13     | Reached skill level 15 in Axes
 16193 | D:13     | Found a gate to the Vaults.
 16302 | D:13     | Reached skill level 10 in Shields
 16312 | D:13     | Gained mutation: You resist negative energy. (rN+) [Deep
                  | Dwarf growth]
 16312 | D:13     | Reached XP level 14. HP: 101/106 MP: 14/14
 16940 | D:13     | Found a runed translucent door.
 17023 | D:13     | Noticed Ined's ghost (journeyman MiBe)
 17751 | Orc:1    | Noticed Snorg
 17769 | D:12     | Killed an orc warlord
 17972 | Orc:1    | Noticed Urug
 18033 | D:12     | Killed Snorg
 18109 | D:12     | Killed Urug
 18402 | Orc:1    | Found a radiant altar of Vehumet.
 18588 | Orc:1    | Found a roughly hewn altar of Beogh.
 18668 | Orc:2    | Entered Level 2 of the Orcish Mines
 18783 | Orc:2    | Found a staircase to the Elven Halls.
 18984 | Orc:2    | Reached skill level 16 in Axes
 18989 | Orc:2    | Slain by a two-headed ogre

Skill      XL: |  1  2  3  4  5  6  7  8  9 10 11 12 13 14 |
---------------+-------------------------------------------+-----
Armour         | 1 2 3 4 5 6 7 8 9 10 11 | 11.5
Axes           | 4 5 6 7 9 10 11 12 13 15 16 | 16.0
Throwing       | 2 3 4 5 6 7 8 |  8.6
Shields        | 2 3 5 6 7 8 10 | 10.8
Invocations    | 1 3 5 7 8 10 11 12 | 12.4
Evocations     | 1 4 6 8 9 10 11 | 11.5
Fighting       | |  1.7
Dodging        | |  3.2

Action                   |  1- 3 |  4- 6 |  7- 9 | 10-12 | 13-15 || total
-------------------------+-------+-------+-------+-------+-------++-------
Melee: War axe           |    85 |   244 |   371 |   887 |  1158 ||  2745
Throw: Throwing net      |       |       |    11 |     7 |     1 ||    19
Invok: Lesser Servant of |       |       |       |     3 |       ||     3
 Abil: Heal Wounds       |     1 |     6 |     9 |    16 |    14 ||    46
       Evoke Berserk Rag |       |       |     3 |    18 |    24 ||    45
       Evoke Blink       |       |       |       |     2 |     5 ||     7
       Evoke Invisibilit |       |       |       |       |     3 ||     3
  Use: Scroll            |       |       |     9 |     7 |    13 ||    29
       Potion            |       |       |     2 |     2 |       ||     4
 Stab: Held in net/web   |       |       |     7 |     7 |     1 ||    15
       Distracted        |       |       |       |     1 |       ||     1
       Invisible         |       |       |       |       |    17 ||    17
  Eat: Chunk             |       |     3 |     7 |    26 |    22 ||    58
       Ration            |       |     1 |     2 |     4 |     7 ||    14
Armor: Leather armour    |    26 |    29 |       |       |       ||    55
       Scale mail        |       |    47 |    15 |       |       ||    62
       Chain mail        |       |       |   130 |   370 |   151 ||   651
       Plate armour      |       |       |       |       |   174 ||   174
Dodge: Dodged            |    81 |   169 |    95 |   308 |   203 ||   856
Block: Shield            |       |       |   163 |   584 |   591 ||  1338
